 Dungeon Crawl Stone Soup version 0.29-a0-901-g46a8461d6a (webtiles) character file.

Game seed: 16420514482686518910

21 Aviak the Grave Robber (level 3, -2/28 HPs)
             Began as a Meteoran Necromancer on July 23, 2022.
             Slain by an orc
             ... wielding a +0 trident
              (8 damage)
             ... on level 2 of the Dungeon.
             The game lasted 00:01:15 (535 turns).

Aviak the Grave Robber (Meteoran Necromancer)        Turns: 535, Time: 00:01:15

Health: -2/28      AC:  2    Str: 10    XL:     3   Next: 17%
Magic:  0/8        EV: 12    Int: 18    God:
Gold:   68         SH:  0    Dex: 14    Spells: 7/8 levels left

rFire   . . .      SeeInvis .   f - +1 whip (elec)
rCold   . . .      Faith    .   (no shield)
rNeg    . . .      Spirit   .   a - +0 robe
rPois   .          Reflect  .   (no helmet)
rElec   .          Harm     .   (no cloak)
rCorr   .          Rampage  .   (no gloves)
Will    .....                   (no boots)
Stlth   +.........              (no amulet)
HPRegen 0.09/turn               (no ring)
MPRegen 0.11/turn               (no ring)

@: very slightly contaminated, glowing
A: sense surroundings 1, otherworldly, glowing, explore regen
a: no special abilities


You were on level 2 of the Dungeon.
You visited 1 branch of the dungeon, and saw 2 of its levels.

You collected 68 gold pieces.

Inventory:

Hand Weapons
 f - a +1 whip of electrocution (weapon)
Armour
 a - a +0 robe (worn)
Scrolls
 c - a scroll of enchant weapon {unknown}
 d - 2 scrolls of fear {unknown}
 i - a scroll of vulnerability {unknown}
 j - a scroll of teleportation {unknown}
 k - a scroll of brand weapon {unknown}
Potions
 b - a potion of magic
 e - a potion of curing {unknown}
 g - a potion of haste {unknown}
 h - a potion of berserk rage {unknown}


   Skills:
 + Level 1.5 Fighting
 - Level 2.4 Dodging
 - Level 1.4 Stealth
 - Level 3.0 Spellcasting
 + Level 4.8 Necromancy


You had 7 spell levels left.
You knew the following spells:

 Your Spells              Type           Power      Damage    Failure   Level
a - Necrotise             Necr           76%        1d7       2%          1

Your spell library contained the following spells:

 Spells                   Type           Power      Damage    Failure   Level
 Vampiric Draining        Necr           19%        2d7       7%          3
 Animate Dead             Necr           19%        N/A       22%         4
 Agony                    Necr           19%        N/A       54%         5


Dungeon Overview and Level Annotations

Branches:
Dungeon (2/15) Zot: 663

Altars:


Innate Abilities, Weirdness & Mutations

You passively map a small area around you.
You are easily found by Zot.
You glow in the dark.
You regain HP and MP as you explore.


Message History

The orc writhes in agony.
You kill the orc!
The dead are walking!
Your bat skeleton hits the orc but does no damage.
Your bat skeleton barely misses the orc.
Your bat skeleton hits the orc but does no damage.
The orc hits your bat skeleton with a +0 trident!
Your bat skeleton is destroyed!
Your goblin skeleton hits the orc but does no damage.
Casting: Necrotise (safe; 2% risk of failure)
Confirm with . or Enter, or press ? or * to list all spells.
You don't have enough magic to cast this spell.
The orc hits you with a +0 hand axe.
The orc hits your goblin skeleton with a +0 hand axe.
The orc barely misses you.
You hit the orc but do no damage.
Your goblin skeleton hits the orc but does no damage.
Your orc skeleton hits the orc but does no damage.
The orc closely misses you.
The orc hits your goblin skeleton with a +0 hand axe.
Your goblin skeleton is destroyed!
A worm comes into view.
The goblin hits your orc skeleton with a +0 dagger.
The orc hits you with a +0 trident.
You completely miss the orc. The orc hits you with a +0 trident.
* * * LOW HITPOINT WARNING * * *
The goblin hits your orc skeleton with a +0 dagger.
Your orc skeleton is destroyed!
The orc barely misses you.
The orc hits your orc skeleton with a +0 hand axe.
Unknown command.
Casting: Necrotise (safe; 2% risk of failure)
Confirm with . or Enter, or press ? or * to list all spells.
Aiming: Necrotise (safe; 2% risk of failure)
Press: ? - help, Shift-Dir - straight line, f - orc
Aim: an orc, wielding a +0 trident and wearing a +0 chain mail (ally target, chance to affect: 89%)
The orc writhes in agony.
Your orc skeleton hits the orc but does no damage.
The orc hits you with a +0 trident!
You die...

, * , , , * , *
, , , * * **, ,
* , , , , ,
,### # ,# * ,
.. *.##.. * ,*
* .# ,
#w###.!...
....##oo.)...!#
* #...Z@.g.#, *
#...#<.<.# * *
#...).#..#, *
........#..#
......... ...
.##...... .###
, #.[####. # *
... . ...., .#


You could see a worm, 2 orcs, a goblin and a friendly orc skeleton.

Vanquished Creatures
  2 orcs (D:2)
  A ball python (D:1)
  3 endoplasms (D:1)
  3 goblins
  A hobgoblin (D:1)
  A kobold (D:1)
  A quokka (D:1)
  A bat (D:2)
  A rat (D:1)
14 creatures vanquished.

Vanquished Creatures (collateral kills)
  An endoplasm (D:2)
1 creature vanquished.

Grand Total: 15 creatures vanquished

Notes
Turn   | Place    | Note
-------+----------+-------------------------------------------
     0 | D:1      | Aviak the Meteoran Necromancer began the quest for the Orb.
     0 | D:1      | Reached XP level 1. HP: 14/14 MP: 5/5
    44 | D:1      | Found a faded altar of an unknown god.
   188 | D:1      | Reached XP level 2. HP: 19/22 MP: 6/6
   321 | D:1      | Reached skill level 1 in Fighting
   498 | D:1      | Glimpsed the power of Zot.
   529 | D:2      | Reached XP level 3. HP: 17/28 MP: 3/8
   535 | D:2      | Slain by an orc

Illustrated notes

Levels and vault maps discovered:
D:1:      nzn_arrival_depleted_hourglass, layout_loops_ring,
          hellmonk_ecumenical_altar_leap_of_faith, nicolae_figureground_pulse
D:2:      layout_loops_cross

Skill      XL: |  1  2 |
---------------+-------+-----
Spellcasting   | 3 |  3.0
Fighting       | 1 |  1.5
Dodging        | |  2.4
Stealth        | |  1.4
Necromancy     | |  4.8

Action                   || total
-------------------------++-------
Melee: Whip              ||    18
 Cast: Necrotise         ||    18
Armor: Robe              ||     6
Dodge: Dodged            ||    17

Table legend: (Time is in decaauts)
 A = Elapsed time spent in this place.
 B = Non-inter-level travel time spent in this place.
 C = Inter-level travel time spent in this place.
 D = Time resting spent in this place.
 E = Time spent auto-exploring this place.
 F = Levels seen in this place.
 G = Mean time per level.
                   A        B        C        D        E       F      G
               +--------+--------+--------+--------+--------+-----+--------+
         Total |    536 |    513 |     23 |    100 |    317 |   2 |  268.0 |
       Dungeon |    536 |    513 |     23 |    100 |    317 |   2 |  268.0 |
               +--------+--------+--------+--------+--------+-----+--------+

Top non-repeatable levels by time:
     D:1: 524 daAuts
     D:2: 11 daAuts
